 Dungeon Crawl Stone Soup version 0.32-a0-705-g60f233581c (webtiles) character file.

Game seed: 17750553811156930963

193 jasper the Cutter (level 5, -1/41 HPs)
             Began as a Coglin Brigand on Mar 14, 2024.
             Slain by Grinder (2 damage)
             ... while paralysed by Grinder
             ... on level 3 of the Dungeon.
             The game lasted 00:04:24 (2063 turns).

jasper the Cutter (Coglin Brigand)                  Turns: 2063, Time: 00:04:25

Health: -1/41      AC:  9    Str: 11    XL:     5   Next: 72%
Magic:  5/5        EV:  2    Int: 11    God:
Gold:   205        SH:  0    Dex: 17    Spells: 4/4 levels left

rFire   . . .        a - +2 dagger {Sanghe}
rCold   . . .        j - +1 dagger (drain) {Servius}
rNeg    . . .        i - +0 ring mail
rPois   .            h - +1 helmet
rElec   .            c - +0 cloak
rCorr   .            (no gloves)
SInv    .            k - +0 pair of boots
Will    .....        (amulet unavailable)
Stlth   ++           (ring unavailable)
HPRegen 0.26/turn    (ring unavailable)
MPRegen 0.09/turn    (no gizmo)

%: no passive effects
@: paralysed, revved
A: off-hand wielding, slow wielding, warmup strikes, no jewellery
a: Invent Gizmo


You were on level 3 of the Dungeon.
You visited 1 branch of the dungeon, and saw 3 of its levels.

You collected 205 gold pieces.

Inventory:

Hand Weapons
 a - a +2 dagger (weapon) {Sanghe}
 f - a +0 dagger {Seojun}
 j - a +1 dagger of draining (offhand) {Servius}
Missiles
 d - 9 poisoned darts (quivered)
 e - 3 curare-tipped darts
 n - 19 stones
Armour
 b - a +0 robe
 c - a +0 cloak (worn)
 h - a +1 helmet (worn)
 i - a +0 ring mail (worn)
 k - a +0 pair of boots (worn)
Scrolls
 g - a scroll of vulnerability
 l - a scroll of amnesia
 m - a scroll of identify
Potions
 o - a potion of invisibility {unknown}


   Skills:
 + Level 3.1 Fighting
 * Level 3.6 Short Blades
 - Level 1.7 Throwing
 + Level 1.5 Armour
 + Level 2.2 Dodging
 - Level 3.2 Stealth


You had 4 spell levels left.
You didn't know any spells.
Your spell library was empty.

Dungeon Overview and Level Annotations

Branches:
Dungeon (3/15)

Altars:

Shops:
D:1 :

Annotations:
D:3 Grinder


Innate Abilities, Weirdness & Mutations

You can wield a second weapon in your off-hand.
It takes a long time for you to wield or remove held weapons.
Your first few attacks do less damage.
You cannot equip rings or amulets.


Message History

You barely miss Grinder with your +1 dagger of draining.
Grinder is severely wounded.
You barely miss Grinder with your +2 dagger.
Grinder hits you!
You writhe in agony.
You take 8 damage, and have 27/41 hp.
You closely miss Grinder with your +1 dagger of draining.
Grinder is severely wounded.
You hit Grinder but do no damage. Grinder gestures at you.
Pain shoots through your body!
You take 13 damage, and have 14/41 hp.
MASSIVE DAMAGE!!
You hit Grinder with your +2 dagger.
Grinder is severely wounded.
You barely miss Grinder with your +1 dagger of draining.
You barely miss Grinder with your +2 dagger.
Grinder is severely wounded.
You hit Grinder but do no damage. Grinder hits you but does no damage.
You hit Grinder but do no damage.
Grinder is severely wounded.
You hit Grinder with your +2 dagger. Grinder gestures at you.
Pain shoots through your body!
* * * LOW HITPOINT WARNING * * *
You take 10 damage, and have 5/41 hp.
MASSIVE DAMAGE!!
You hit Grinder with your +2 dagger.
Grinder is almost dead.
You closely miss Grinder with your +1 dagger of draining.
Grinder hits you but does no damage.
Okay, then.
You hit Grinder with your +2 dagger.
Grinder is almost dead.
You hit Grinder but do no damage. Grinder gestures at you.
You suddenly lose the ability to move!
Grinder barely misses you. Grinder hits you.
* * * LOW HITPOINT WARNING * * *
You writhe in agony.
You die...
Grinder sighs, "Dead already?
I want a refund."

#
#.............#
#
########'######
# ##....#
#..#### #.##
#.# ##.#######
#.....)..#
+..@.....#
##.5.....#
#.......#
#.[.....#
#.......#
#.......#
#.......#
#.......#


You could see Grinder.

Vanquished Creatures
  A scorpion (D:3)
  An orc priest (D:2)
  3 adders (D:2)
  A dart slug (D:1)
  2 orcs (D:2)
  8 endoplasms
  2 giant cockroaches
  12 goblins
  7 hobgoblins
  3 jackals (D:3)
  4 kobolds
  3 quokkas
  5 ball pythons
  8 bats
  2 frilled lizards
  4 rats
66 creatures vanquished.

Notes
Turn   | Place    | Note
-------+----------+-------------------------------------------
     0 | D:1      | jasper the Coglin Brigand began the quest for the Orb.
     0 | D:1      | Reached XP level 1. HP: 16/16 MP: 1/1
   126 | D:1      | Reached skill level 1 in Dodging
   180 | D:1      | Reached XP level 2. HP: 19/22 MP: 2/2
   607 | D:1      | Found Feepab's Book Shop.
   742 | D:2      | Reached XP level 3. HP: 28/28 MP: 3/3
   985 | D:2      | Reached XP level 4. HP: 22/34 MP: 4/4
  1080 | D:2      | Reached skill level 1 in Armour
  1499 | D:3      | Noticed a scorpion
  1509 | D:3      | Killed a scorpion
  1510 | D:3      | Reached XP level 5. HP: 35/41 MP: 5/5
  2031 | D:3      | Noticed Grinder
  2048 | D:3      | Paralysed by Grinder for 3 turns
  2061 | D:3      | Paralysed by Grinder for 4 turns
  2063 | D:3      | HP: 1/41 [Grinder (5)]
  2063 | D:3      | Slain by Grinder

Illustrated notes

Levels and vault maps discovered:
D:1:      lemuel_arrival_funnel, layout_rooms, serial_shops,
          nicolae_shop_pleasant_corner_grove, serial_corexii_hall,
          corexii_hall_statues_x, corexii_hall_statues_t
D:2:      cheibrodos_pilgrimage, layout_loops_ring
D:3:      cheibrodos_greedy_goblins, layout_basic, uniq_grinder

Skill      XL: |  1  2  3  4 |
---------------+-------------+-----
Dodging        | 1 2 |  2.2
Short Blades   | 2 3 |  3.6
Armour         | 1 |  1.5
Fighting       | 3 |  3.1
Throwing       | |  1.7
Stealth        | |  3.2

Action                     |  1- 3 |  4- 6 || total
---------------------------+-------+-------++-------
  Melee: Dagger            |    91 |   203 ||   294
  Throw: Dart              |     1 |       ||     1
    Use: Scroll            |       |     7 ||     7
   Stab: Sleeping          |     3 |     4 ||     7
 Armour: Robe              |     6 |       ||     6
         Ring mail         |    20 |    54 ||    74
  Dodge: Dodged            |    27 |    42 ||    69

Table legend: (Time is in decaauts)
 A = Elapsed time spent in this place.
 B = Non-inter-level travel time spent in this place.
 C = Inter-level travel time spent in this place.
 D = Time resting spent in this place.
 E = Time spent auto-exploring this place.
 F = Levels seen in this place.
 G = Mean time per level.
                   A        B        C        D        E       F      G
               +--------+--------+--------+--------+--------+-----+--------+
         Total |   2036 |   1908 |    128 |      0 |   1395 |   3 |  678.7 |
       Dungeon |   2036 |   1908 |    128 |      0 |   1395 |   3 |  678.7 |
               +--------+--------+--------+--------+--------+-----+--------+

Top non-repeatable levels by time:
     D:2: 750 daAuts
     D:1: 737 daAuts
     D:3: 548 daAuts
